 Dungeon Crawl Stone Soup version 0.31-a0-700-gf13585253f (webtiles) character file.

Game seed: 5738047615045527023

611 qw the Shooter (level 7, 0/44 HPs)
             Began as a Gargoyle Hunter on Sept 7, 2023.
             Slain by an orc priest
             ... wielding a +2 whip of venom
              (5 damage)
             ... on level 4 of the Dungeon.
             The game lasted 00:01:46 (3367 turns).

qw the Shooter (Gargoyle Hunter)                    Turns: 3367, Time: 00:01:47

Health: 0/44       AC: 13    Str: 13    XL:     7   Next: 44%
Magic:  7/7        EV: 11    Int:  9    God:
Gold:   126        SH:  0    Dex: 19    Spells: 6/6 levels left

rFire   . . .        Y - +1 shortbow
rCold   . . .        (shield currently unavailable)
rNeg    + . .        e - +0 ring mail
rPois   inf          (helmet restricted)
rElec   +            (no cloak)
rCorr   .            (no gloves)
SInv    .            f - +2 pair of boots
Will    .....        (no amulet)
Stlth   +            (no ring)
HPRegen 0.27/turn    (no ring)
MPRegen 0.10/turn

%: no passive effects
@: about to teleport
A: sickness immunity, AC +4, negative energy resistance 1, electricity
resistance, torment resistance 1, petrification resistance, antennae 1, agile 1
a: no special abilities


You were on level 4 of the Dungeon.
You visited 1 branch of the dungeon, and saw 4 of its levels.
You also visited: Sewer and Ossuary.

You collected 126 gold pieces.


Innate Abilities, Weirdness & Mutations

You are immune to sickness and miasma.
Your stone body is resilient. (AC +4)
You are immune to poison.
You resist negative energy. (rN+)
You are resistant to electric shocks. (rElec)
You are resistant to unholy torment.
You are immune to petrification.
You have a pair of small antennae on your head.
You are agile. (Dex +4, Str/Int -1)


   Skills:
 - Level 4.6 Fighting
 + Level 7.7 Ranged Weapons
 - Level 1.0 Armour
 - Level 2.0 Dodging
 - Level 1.1 Stealth


You had 6 spell levels left.
You didn't know any spells.
Your spell library was empty.

Inventory:

Hand Weapons
 Y - a +1 shortbow (weapon)
Armour
 e - a +0 ring mail (worn)
 f - a +2 pair of boots (worn)
Jewellery
 g - a ring of fire
Scrolls
 b - a scroll of identify
 h - 4 scrolls of teleportation
 p - 2 scrolls of enchant armour
Potions
 a - 3 potions of mutation
 c - 3 potions of heal wounds
 d - a potion of haste
 i - 4 potions of enlightenment
 j - a potion of curing
 l - a potion of resistance {unknown}
 m - a potion of might

Dungeon Overview and Level Annotations

Branches:
Dungeon (4/15)              Sewer (visited)         Ossuary (visited)
 Temple: D:4-7

Altars:

Shops:
D:1 *


Message History

You shoot an arrow. The arrow hits the orc.
You kill the orc!
You shoot an arrow. The arrow closely misses the orc.
You shoot an arrow. The arrow hits the orc.
The orc is almost dead.
The orc barely misses you. The orc hits you but does no damage. x3
You shoot an arrow. The arrow closely misses the orc.
The orc hits you but does no damage. x2
You shoot an arrow. The arrow barely misses the orc.
The orc priest looks braver for a moment.
The orc closely misses you. The orc hits you but does no damage.
3360 ||| Stepping ~*~*~tactically~*~*~ (outnumbered).
You shoot an arrow. The arrow barely misses the orc.
The arrow closely misses the orc.
The orc hits you but does no damage.
You shoot an arrow. The arrow hits the orc.
You kill the orc!
The orc misses you.
You shoot an arrow. The arrow hits the orc.
The orc is severely wounded.
The orc hits you but does no damage.
You shoot an arrow. The arrow barely misses the orc.
The orc priest calls upon Beogh to heal the orc.
The orc's wounds heal themselves!
The orc closely misses you.
The orc priest invokes the aid of Beogh against you.
Beogh smites you! The orc barely misses you.
You shoot an arrow.
The arrow hits the orc priest but does no damage.
The orc priest hits you but does no damage.
The orc hits you but does no damage.
The orc priest calls down the wrath of Beogh upon you.
Beogh smites you!
You shoot an arrow. The arrow barely misses the orc priest.
The orc priest mumbles some strange prayers to Beogh against you.
Beogh smites you! The orc hits you but does no damage.
3367 ||| READING 5 scrolls of teleportation.
As you read the scroll of teleportation, it crumbles to dust.
You feel strangely unstable.
The orc priest hits you with a +2 whip of venom.
You die...

...# #.#
.......#.##....###.#
...# #. . ...#....
#.#### #.# ...# ..
......# #.######.#
..## ..o .....#
#........# .##
.........#
#)######## .#..o#.o#
#.# ....{.)o# #.#
#########)# #.#
.......@oo# #.#
.....###o#####.#
..#............#
#.####.#######
........# ##.######


You could see 2 orc priests and an orc.

Vanquished Creatures
  Pargi (Sewer)
  2 elf zombies (Ossuary)
  2 human zombies (Ossuary)
  An orc priest (D:4)
  An iguana (D:4)
  2 orc wizards
  2 mummies (Ossuary)
  4 adders
  2 river rats (D:4)
  An adder zombie (Ossuary)
  4 dart slugs
  17 orcs
  9 bats
  7 endoplasms
  9 giant cockroaches
  5 goblins
  5 hobgoblins
  4 jackals (D:2)
  7 kobolds
  A quokka (D:2)
  5 ball pythons
  2 frilled lizards
  3 goblin zombies (Ossuary)
  9 hobgoblin zombies (Ossuary)
  7 kobold zombies (Ossuary)
  9 orc zombies (Ossuary)
  6 rats
  2 rat zombies (Ossuary)
129 creatures vanquished.

Notes
Turn   | Place    | Note
-------+----------+-------------------------------------------
     0 | D:1      | qw the Gargoyle Hunter began the quest for the Orb.
     0 | D:1      | Reached XP level 1. HP: 12/12 MP: 1/1
     0 | D:1      | 0 ||| qw: Version: 0.3-a-76-g4403597
     0 | D:1      | 0 ||| qw: Game counter: 559
     0 | D:1      | 0 ||| qw: Melee chars always use a shield: true
     0 | D:1      | 0 ||| qw: God list: Okawaru
     0 | D:1      | 0 ||| qw: Allow faded altars: false
     0 | D:1      | 0 ||| qw: Do Orc after clearing Dungeon:15 true
     0 | D:1      | 0 ||| qw: Do second Lair branch before Depths: true
     0 | D:1      | 0 ||| qw: Lair rune preference: random
     0 | D:1      | 0 ||| qw: Goals: Normal
     0 | D:1      | 0 ||| PLANNING D:1-11
    42 | D:1      | Reached XP level 2. HP: 17/17 MP: 2/2
   135 | D:1      | Found Hociang's General Store.
   140 | D:1      | 140 ||| SHOPLISTING +0 ring mail (40 gold, have 17).
   140 | D:1      | 140 ||| SHOPLISTING potion of might (40 gold, have 17).
   140 | D:1      | 140 ||| SHOPLISTING scroll of identify (20 gold, have 17).
   140 | D:1      | 140 ||| SHOPLISTING scroll of teleportation (30 gold, have
                  | 17).
   450 | D:1      | Reached XP level 3. HP: 21/21 MP: 3/3
   585 | D:1      | 585 ||| READING scroll labelled YCIBOU LORESUDD.
   588 | D:1      | 588 ||| READING scroll labelled FEDAHOAHUI.
   589 | D:1      | 589 ||| READING 2 scrolls labelled VENTI VATWOUSI.
   590 | D:1      | 590 ||| READING scroll labelled GYORUJACATT.
   591 | D:1      | 591 ||| DROPPING scroll of butterflies.
   592 | D:1      | 592 ||| DROPPING scroll of revelation.
   611 | D:2      | Found a faded altar of an unknown god.
   626 | D:2      | Reached skill level 5 in Ranged Weapons
   770 | D:2      | You fall into a shaft and drop 1 floor!
   772 | D:3      | 772 ||| UPGRADING to +0 pair of boots.
   781 | D:3      | 781 ||| READING 3 scrolls labelled JIYLITA ENOOLL.
   782 | D:3      | 782 ||| READING 2 scrolls of enchant armour.
   782 | D:3      | 782 ||| ENCHANTING +0 pair of boots.
   783 | D:3      | 783 ||| READING scroll of enchant armour.
   783 | D:3      | 783 ||| ENCHANTING +1 pair of boots.
   784 | D:3      | 784 ||| READING 2 scrolls labelled EDOMUF NUYGOMN.
   785 | D:3      | 785 ||| READING scroll labelled LIAN LYROAWK.
   786 | D:3      | 786 ||| READING scroll labelled BINLIRIEKHE.
   802 | D:3      | 802 ||| FLEEEEING.
   803 | D:3      | 803 ||| STAIRDANCE
  1092 | D:2      | Reached skill level 3 in Fighting
  1193 | D:2      | Reached XP level 4. HP: 28/28 MP: 4/4
  1477 | D:2      | 1477 ||| UPGRADING to +0 ring mail.
  1487 | D:2      | 1487 ||| DROPPING +0 leather armour.
  1488 | D:2      | 1488 ||| READING scroll labelled QEXIULLAWU.
  1535 | D:3      | 1535 ||| STAIRDANCE
  1550 | D:2      | Reached skill level 1 in Armour
  1552 | D:3      | 1552 ||| STAIRDANCE
  1584 | D:3      | 1584 ||| STAIRDANCE
  1659 | D:3      | Reached XP level 5. HP: 32/32 MP: 5/5
  1953 | D:3      | 1953 ||| DROPPING +0 ring mail.
  1954 | D:3      | 1954 ||| READING scroll labelled ZARAK KI JACH.
  1955 | D:3      | 1955 ||| READING scroll labelled NUYCUE RUECH.
  1956 | D:3      | 1956 ||| READING 2 scrolls labelled BYTEVU JUCOTZ.
  1957 | D:3      | 1957 ||| DRINKING 2 fizzy dark potions.
  1958 | D:3      | 1958 ||| DRINKING 2 red potions.
  1959 | D:3      | 1959 ||| READING 2 scrolls of identify.
  1959 | D:3      | 1959 ||| IDENTIFYING dark potion
  1960 | D:3      | 1960 ||| DROPPING potion of brilliance.
  1961 | D:3      | 1961 ||| DROPPING scroll of vulnerability.
  1974 | D:4      | 1974 ||| PLANNING SEWER
  1998 | D:4      | Found a sand-covered staircase.
  2181 | D:4      | Reached skill level 6 in Ranged Weapons
  2184 | D:4      | Found a glowing drain.
  2185 | D:4      | 2185 ||| READING 2 scrolls of identify.
  2185 | D:4      | 2185 ||| IDENTIFYING bubbling ruby potion
  2193 | D:4      | 2193 ||| Stepping ~*~*~tactically~*~*~ (water).
  2198 | Sewer    | Entered a sewer
  2214 | Sewer    | Noticed Pargi
  2242 | Sewer    | Killed Pargi
  2243 | Sewer    | Reached XP level 6. HP: 13/39 MP: 6/6
  2447 | Sewer    | 2447 ||| DRINKING 2 murky silvery potions.
  2461 | D:4      | 2461 ||| PLANNING OSSUARY
  2500 | Ossuary  | Entered an ossuary
  2733 | Ossuary  | Reached skill level 7 in Ranged Weapons
  2754 | Ossuary  | Reached XP level 7. HP: 30/44 MP: 7/7
  2945 | Ossuary  | 2945 ||| DRINKING 4 orange potions.
  2945 | Ossuary  | Gained mutation: You are agile. (Dex +4, Str/Int -1)
                  | [potion of mutation]
  2945 | Ossuary  | Gained mutation: You have a pair of small antennae on your
                  | head. [potion of mutation]
  2946 | Ossuary  | 2946 ||| DRINKING 4 black potions.
  2947 | Ossuary  | 2947 ||| READING 2 scrolls of identify.
  2947 | Ossuary  | 2947 ||| IDENTIFYING fizzy ruby potion
  2948 | Ossuary  | 2948 ||| DROPPING potion of degeneration.
  2962 | D:4      | 2962 ||| PLANNING D:1-11
  3169 | D:4      | 3169 ||| Stepping ~*~*~tactically~*~*~ (outnumbered).
  3173 | D:4      | 3173 ||| Stepping ~*~*~tactically~*~*~ (outnumbered).
  3349 | D:4      | 3349 ||| Stepping ~*~*~tactically~*~*~ (outnumbered).
  3353 | D:4      | 3353 ||| Stepping ~*~*~tactically~*~*~ (outnumbered).
  3360 | D:4      | 3360 ||| Stepping ~*~*~tactically~*~*~ (outnumbered).
  3366 | D:4      | HP: 4/44 [orc priest/divine providence (15)]
  3367 | D:4      | 3367 ||| READING 5 scrolls of teleportation.
  3367 | D:4      | Slain by an orc priest

Levels and vault maps discovered:
D:1:      eino_arrival_water_star, layout_basic, serial_shops, shop,
          supply_closet_lemuel, serial_park_tiny_pond, minivault_11,
          minivault_24, minmay_tromino_v4_b
D:2:      layout_loops_corners, hellmonk_ecumenical_altar_run_dry,
          minmay_misc_feat_five, minmay_misc_feat_doors,
          amcnicky_mini_pool_small
D:3:      layout_rooms, st_stairs_14
D:4:      cheibrodos_pilgrimage, layout_loops_corners, portal_sewer_entry_a,
          enter_ossuary_1

Skill      XL: |  1  2  3  4  5  6  7 |
---------------+----------------------+-----
Ranged Weapons | 5 6 7 |  7.7
Fighting       | 3 4 |  4.6
Armour         | 1 |  1.0
Dodging        | 2 |  2.0
Stealth        | |  1.1

Action                     |  1- 3 |  4- 6 |  7- 9 || total
---------------------------+-------+-------+-------++-------
   Fire: Shortbow          |   107 |   228 |   105 ||   440
    Use: Scroll            |    10 |     6 |     2 ||    18
         Potion            |       |     3 |     2 ||     5
 Armour: Leather armour    |    29 |       |       ||    29
         Ring mail         |       |   128 |    51 ||   179
  Dodge: Dodged            |    18 |    98 |    16 ||   132

Table legend:
 A = Non-vault XP
 B = Vault XP
 C = Vault XP percentage of total XP
 D = Non-vault monster count
 E = Vault monster count
 F = Vault count percentage of total count
                 A         B        C        D         E       F
            +---------+---------+-------+---------+---------+-------
      Total |     325 |     549 |  62.8 |      73 |      56 |  43.4
            +---------+---------+-------+---------+---------+-------
        D:1 |      31 |       4 |  11.4 |      15 |       2 |  11.8
        D:2 |      62 |      14 |  18.4 |      22 |       1 |   4.3
        D:3 |      79 |       0 |   0.0 |      17 |       0 |   0.0
        D:4 |     153 |      43 |  21.9 |      19 |      10 |  34.5
      Sewer |       0 |     139 | 100.0 |       0 |       6 | 100.0
    Ossuary |       0 |     349 | 100.0 |       0 |      37 | 100.0
            +---------+---------+-------+---------+---------+-------
